 Dungeon Crawl Stone Soup version 0.31-a0-662-g684573625c (webtiles) character file.

Game seed: 3454601790142249559

19026 Conn the Thaumaturge (level 12, -3/64 HPs)
             Began as a Gargoyle Fire Elementalist on Sept 1, 2023.
             Slain by a seven-headed hydra (6 damage)
             ... on level 3 of the Lair of Beasts.
             The game lasted 00:33:21 (11916 turns).

Conn the Thaumaturge (Gargoyle Fire Elementalist)  Turns: 11916, Time: 00:33:21

Health: -3/64      AC: 30    Str: 14    XL:     12   Next: 64%
Magic:  22/25      EV: 11    Int: 21    God:
Gold:   429        SH:  8    Dex: 10    Spells: 9/29 levels left

rFire   + + .        a - staff of fire
rCold   + . .        c - +3 buckler
rNeg    + . .        w - +2 ring mail {rF+}
rPois   ∞            (no helmet)
rElec   +            o - +2 cloak
rCorr   .            n - +0 pair of gloves of Indecent Exposure {+Inv Str+2}
SInv    +            D - +3 pair of mountain boots {steadfast, rC+}
Will    .....        (no amulet)
Stlth   ++           p - +4 ring of protection
HPRegen 0.30/turn    q - +4 ring of slaying
MPRegen 0.19/turn

%: random rage (3%)
@: no status effects
A: sickness immunity, AC +8, negative energy resistance 1, electricity
resistance, torment resistance 1, petrification resistance, see invisible,
berserk 1
a: Evoke Invisibility


You were on level 3 of the Lair of Beasts.
You visited 3 branches of the dungeon, and saw 14 of its levels.

You collected 525 gold pieces.
You spent 96 gold pieces at shops.

Inventory:

Hand Weapons
 d - a +3 mace of protection
Missiles
 u - 3 silver javelins
 v - 8 poisoned darts
 C - a throwing net
Armour
 c - a +3 buckler (worn)
 n - the +0 pair of gloves of Indecent Exposure (worn) {+Inv Str+2}
   (You found it on level 2 of the Dungeon)

   Str+2:     It affects your strength (+2).
   +Inv:      It lets you turn invisible.
 o - a +2 cloak (worn)
 w - a +2 ring mail of fire resistance (worn)
 D - the +3 pair of mountain boots (worn) {steadfast, rC+}
   (You acquired it on level 10 of the Dungeon)

   Steadfast: It prevents involuntary movement, except for blinking,
   teleportation, or banishment.
   rC+:       It protects you from cold.
 I - a +0 pair of gloves
Magical Staves
 a - a staff of fire (weapon)
Jewellery
 p - a +4 ring of protection (left hand)
 q - a +4 ring of slaying (right hand)
 B - an amulet of the acrobat
Wands
 s - a wand of charming (13)
 x - a wand of flame (13)
 F - a wand of roots (11)
 G - a wand of quicksilver (6)
Scrolls
 e - 2 scrolls of amnesia
 g - 2 scrolls of teleportation
 i - 9 scrolls of identify
 j - a scroll of revelation
 k - 2 scrolls of immolation
 r - 3 scrolls of noise
 y - a scroll of blinking
Potions
 b - 2 potions of magic
 f - a potion of curing
 l - 3 potions of attraction
 m - 2 potions of lignification
 t - a potion of heal wounds
 z - 3 potions of might
 A - 2 potions of brilliance
 E - 2 potions of mutation
 H - a potion of resistance


   Skills:
 + Level 3.3 Fighting
 + Level 2.4 Short Blades
 + Level 5.3 Maces & Flails
 * Level 8.6 Armour
 + Level 4.2 Dodging
 + Level 3.5 Stealth
 * Level 7.0 Shields
 + Level 0.1 Unarmed Combat
 * Level 9.4 Spellcasting
 * Level 8.3 Conjurations
 + Level 1.5 Hexes
 * Level 4.3 Summonings
 * Level 3.9 Translocations
 + Level 6.9 Fire Magic


You had 9 spell levels left.
You knew the following spells:

 Your Spells              Type           Power      Damage    Failure   Level
a - Foxfire               Conj/Fire      100%       2x1d9     1%          1
b - Scorch                Fire           100%       2d9       1%          2
c - Inner Flame           Hex/Fire       41%        N/A       9%          3
d - Flame Wave            Conj/Fire      58%        2d14      7%          4
e - Hailstorm             Conj/Ice       27%        3d7       9%          3
f - Call Canine Familiar  Summ           27%        N/A       9%          3
g - Iskenderun's Mystic   Conj/Tloc      35%        2d8       13%         4

Your spell library contained the following spells:

 Spells                   Type           Power      Damage    Failure   Level
 Apportation              Tloc           52%        N/A       3%          1
 Lesser Beckoning         Tloc           52%        N/A       4%          2
 Volatile Blastmotes      Fire/Tloc      98%        2d18      4%          3
 Gell's Gravitas          Tloc           26%        N/A       10%         3
 Teleport Other           Tloc           26%        N/A       10%         3
 Freeze                   Ice            40%        1d6       16%         1
 Sting                    Tmut/Pois      36%        1d4       16%         1
 Portal Projectile        Hex/Tloc       42%        N/A       16%         3
 Fulminant Prism          Conj/Hex       15%        3d10      21%         4
 Frozen Ramparts          Ice            20%        1d4       41%         3
 Leda's Liquefaction      Hex/Erth       6%         N/A       75%         4
 Olgreb's Toxic Radiance  Pois           9%         N/A       83%         4
 Alistair's Intoxication  Tmut/Pois      6%         N/A       99%         5
 Cigotuvi's Dreadful Rot  Necr/Pois/Air  Unusable   N/A       N/A         2

Dungeon Overview and Level Annotations

Branches:
Dungeon (10/15)            Temple (1/1) D:6            Lair (3/5) D:9
 Spider (0/4) Lair:2          Orc (0/2) D:10
  Swamp: Lair:2-3    Shoals: Lair:2-3

Altars:
Ashenzari
Cheibriados
Dithmenos
Elyvilon
Fedhas
Gozag
Hepliaklqana
Kikubaaqudgha
Makhleb
Nemelex Xobeh
Okawaru
Qazlal
Ru
Trog
Uskayaw
Vehumet
Wu Jian
Xom
Yredelemnul
Zin
The Shining One

Shops:
D:1 (   D:4 *   D:10 (

Portals:
Trove: D:10 (give 6 scrolls of fear)


Innate Abilities, Weirdness & Mutations

You are immune to sickness and miasma.
Your stone body is resilient. (AC +8)
You are immune to poison.
You resist negative energy. (rN+)
You are resistant to electric shocks. (rElec)
You are resistant to unholy torment.
You are immune to petrification.
You have supernaturally acute eyesight. (SInv)
You sometimes lose your temper in combat.


Message History

The seven-headed hydra barely misses you.
Unknown command.
Unknown command.
Unknown command.
Okay, then.
Unknown command.
You hit the seven-headed hydra.
The seven-headed hydra is severely wounded.
A nearby fungus withers and dies.
A nearby plant withers and dies.
The seven-headed hydra bites you!
The seven-headed hydra bites you but does no damage.
The seven-headed hydra misses you.
You block the seven-headed hydra's attack.
The seven-headed hydra bites you! The seven-headed hydra bites you.
The seven-headed hydra closely misses you.
Unknown command.
Unknown command.
Unknown command.
Magic courses through your body. The seven-headed hydra misses you.
The seven-headed hydra bites you.
* * * LOW HITPOINT WARNING * * *
The seven-headed hydra bites you but does no damage.
The seven-headed hydra closely misses you.
You block the seven-headed hydra's attack.
The seven-headed hydra bites you but does no damage.
The seven-headed hydra bites you!
* * * LOW HITPOINT WARNING * * *
Unknown command.
Casting: Hailstorm (dangerous; 9% risk of failure)
Confirm with . or Enter, or press ? or * to list all spells.
You erupt in a blast of force!
The mystic blast hits the seven-headed hydra!
The seven-headed hydra is severely wounded.
The seven-headed hydra bites you!
* * * LOW HITPOINT WARNING * * *
The seven-headed hydra bites you but does no damage.
The seven-headed hydra closely misses you. x2
The seven-headed hydra bites you but does no damage.
The seven-headed hydra bites you.
You die...

##..## #P...#
#...## ### ##..#
#.# #..### ###.##
#....## ##....#
#P....## ##.....##
##.....# #.......#
#......# #....@.##
##.....##
#....D..# #......#
#......##
##....#####......#
#....##P#......##
##.#.###..?.##.##
#..#####...#.###
##.P#.#......# #
#..##....####


You could see a seven-headed hydra.

Vanquished Creatures
  A two-headed ogre (D:8)
  A hydra (Lair:2)
  Amaemon (Lair:2)
  An orb spider (Lair:2)
  11 elephants
  5 cane toads
  A black mamba (Lair:2)
  A rime drake (Lair:2)
  5 komodo dragons (Lair:2)
  An unseen horror (D:10)
  An orange demon (Lair:2)
  3 polar bears
  A troll (D:10)
  A shadow (D:10)
  7 wyverns
  19 yaks
  A wraith (D:10)
  3 fire bats (Lair:1)
  2 basilisks
  2 steam dragons (Lair:2)
  An orc warrior (D:7)
  6 water moccasins
  An ice beast (D:7)
  3 black bears
  An ogre (D:6)
  3 centaurs
  3 phantoms
  12 bullfrogs
  7 killer bees
  2 howler monkeys
  A crimson imp (D:10)
  A gnoll bouda (D:6)
  5 hounds
  5 iguanas
  3 orc wizards
  11 gnolls
  4 adders
  2 shadow imps
  3 white imps (D:7)
  3 dart slugs
  24 orcs
  9 ball pythons
  9 endoplasms
  2 giant cockroaches
  9 goblins
  7 hobgoblins
  4 jackals (D:1)
  A quokka (D:2)
  3 training dummies (D:10)
  9 bats
  4 frilled lizards
  7 kobolds
  2 rats
235 creatures vanquished.

Vanquished Creatures (collateral kills)
  A foxfire (D:10)
1 creature vanquished.

Vanquished Creatures (others)
  2 orcs (D:6)
  411 foxfires
413 creatures vanquished.

Grand Total: 649 creatures vanquished

Notes
Turn   | Place    | Note
-------+----------+-------------------------------------------
     0 | D:1      | Conn the Gargoyle Fire Elementalist began the quest for the
                  | Orb.
     0 | D:1      | Reached XP level 1. HP: 10/10 MP: 3/3
   347 | D:1      | Reached XP level 2. HP: 15/15 MP: 1/5
   783 | D:1      | Reached XP level 3. HP: 19/19 MP: 1/6
   943 | D:1      | Found Suofibbo's Antique Weapon Boutique.
  1812 | D:2      | Reached XP level 4. HP: 23/24 MP: 1/7
  1848 | D:2      | Identified the +0 pair of gloves of Indecent Exposure {+Inv
                  | Str+2}
  1959 | D:2      | Found a stormy altar of Qazlal.
  3148 | D:4      | Learned a level 2 spell: Scorch
  3152 | D:4      | Learned a level 3 spell: Inner Flame
  3264 | D:4      | Noticed a phantom
  3269 | D:4      | Killed a phantom
  3270 | D:4      | Reached skill level 3 in Spellcasting
  3270 | D:4      | Reached XP level 5. HP: 17/28 MP: 0/9
  3314 | D:4      | Found Avuunuypp's CLEARANCE SALE!.
  3326 | D:4      | Bought a +2 ring mail of fire resistance for 84 gold pieces
  3326 | D:4      | Bought a potion of lignification for 12 gold pieces
  3675 | D:4      | Reached skill level 1 in Short Blades
  3771 | D:4      | Reached XP level 6. HP: 33/33 MP: 5/11
  3776 | D:4      | Reached skill level 1 in Armour
  4019 | D:5      | Entered Level 5 of the Dungeon
  4039 | D:5      | Found a broken altar of Ashenzari.
  4153 | D:5      | Reached skill level 1 in Fighting
  4303 | D:5      | Reached XP level 7. HP: 36/38 MP: 5/12
  4552 | D:5      | Found an iron altar of Okawaru.
  4898 | D:5      | Learned a level 4 spell: Flame Wave
  4902 | D:5      | Learned a level 3 spell: Hailstorm
  4959 | D:6      | Reached skill level 4 in Spellcasting
  4962 | D:6      | Found a blossoming altar of Fedhas.
  4968 | D:6      | Found a glowing golden altar of the Shining One.
  4971 | D:6      | Found a white marble altar of Elyvilon.
  5064 | D:6      | Found a staircase to the Ecumenical Temple.
  5115 | D:6      | Reached skill level 5 in Fire Magic
  5115 | D:6      | Reached XP level 8. HP: 21/39 MP: 4/14
  5291 | D:5      | Learned a level 3 spell: Call Canine Familiar
  5711 | D:6      | Found a bloodstained altar of Trog.
  5858 | Temple   | Entered the Ecumenical Temple
  5980 | D:7      | Reached skill level 5 in Spellcasting
  6409 | D:7      | Reached skill level 5 in Armour
  6409 | D:7      | Reached XP level 9. HP: 26/47 MP: 6/17
  6572 | D:7      | Reached skill level 6 in Spellcasting
  6735 | D:8      | Noticed a two-headed ogre
  6736 | D:8      | Reached skill level 1 in Maces & Flails
  6849 | D:8      | Noticed a two-headed ogre
  6910 | D:8      | Reached skill level 5 in Conjurations
  7014 | D:8      | Found an ancient bone altar of Kikubaaqudgha.
  7157 | D:8      | Killed a two-headed ogre
  7158 | D:8      | Reached skill level 1 in Shields
  7158 | D:8      | Reached skill level 7 in Spellcasting
  7302 | D:8      | You fall into a shaft and drop 2 floors!
  7302 | D:10     | Entered Level 10 of the Dungeon
  7316 | D:10     | Noticed a troll
  7321 | D:10     | Killed a troll
  7323 | D:10     | Found Navucsoich's Firing Range.
  7484 | D:10     | Reached skill level 1 in Hexes
  7497 | D:10     | Reached XP level 10. HP: 36/53 MP: 6/21
  7678 | D:10     | Learned a level 4 spell: Iskenderun's Mystic Blast
  7743 | D:10     | Killed an unseen horror
  7762 | D:10     | Reached skill level 8 in Spellcasting
  7921 | D:10     | Found a portal to a secret trove of treasure.
  7931 | D:10     | Identified a scroll of acquirement
  7932 | D:10     | Acquired the +3 pair of mountain boots {steadfast, rC+}
  7932 | D:10     | Found the +3 pair of mountain boots {steadfast, rC+}
  7987 | D:10     | Found a staircase to the Orcish Mines.
  8107 | D:10     | Found a burning altar of Makhleb.
  8119 | D:10     | Found a radiant altar of Vehumet.
  8490 | D:9      | Found a staircase to the Lair.
  8501 | D:9      | Reached skill level 1 in Translocations
  8502 | D:9      | Reached skill level 1 in Summonings
  8519 | D:9      | Gained mutation: You sometimes lose your temper in combat.
                  | [potion of mutation]
  8519 | D:9      | Gained mutation: You have supernaturally acute eyesight.
                  | (SInv) [potion of mutation]
  8547 | Lair:1   | Entered Level 1 of the Lair of Beasts
  8572 | Lair:1   | Reached XP level 11. HP: 16/58 MP: 0/23
  9667 | Lair:1   | Got Alistair's Atlas of the Fluctuating Stinger
  9775 | Lair:2   | Noticed Amaemon
  9797 | Lair:2   | Killed Amaemon
  9798 | Lair:2   | Reached skill level 5 in Shields
 10242 | Lair:2   | Found a hole to the Spider Nest.
 10242 | Lair:2   | Noticed an orb spider
 10363 | Lair:2   | Killed an orb spider
 10364 | Lair:2   | Reached skill level 9 in Spellcasting
 10640 | Lair:2   | Noticed a seven-headed hydra
 10654 | Lair:2   | Killed a seven-headed hydra
 10655 | Lair:2   | Reached XP level 12. HP: 50/64 MP: 1/25
 11454 | Lair:2   | Reached skill level 5 in Maces & Flails
 11876 | Lair:3   | Noticed a seven-headed hydra
 11916 | Lair:3   | HP: 3/64 [seven-headed hydra (9)]
 11916 | Lair:3   | Slain by a seven-headed hydra

Illustrated notes

Levels and vault maps discovered:
D:1:      dpeg_arrival_arbitrary_b, layout_loops_corners, serial_shops, shop
D:2:      layout_basic, basic_altar, minmay_liquid_box, minmay_octomino_j4
D:3:      layout_basic
D:4:      layout_basic, nicolae_shop_clearance
D:5:      layout_cave_pools, general_overflow_altar, evilmike_ruin_ashenzari
D:6:      layout_cave_pools, trog_ov_bears_minmay,
          minmay_overflow_temple_star_quad, temple_fountains
D:7:      layout_gridville, kennysheep_generic_room_4
D:8:      minmay_the_grid_triangle_9x9_rhombus_full
          [minmay_the_grid_triangle_9x9_longest,
          minmay_the_grid_triangle_9x9_steps,
          minmay_the_grid_triangle_9x9_minimal,
          minmay_the_grid_triangle_9x9_from_above,
          minmay_the_grid_triangle_9x9_fully_insulated_deathbox,
          minmay_the_grid_triangle_9x9_descending_squares,
          minmay_the_grid_triangle_9x9_corrupted_corridor,
          minmay_the_grid_triangle_9x9_prize_top_heavy], layout_rooms,
          nicolae_sif_muna_little_library, mainiacjoe_overflow_boulevard,
          st_stairs_13, minmay_misc_feat_x
D:9:      layout_irregular_city, david_lair_generic,
          nicolae_twisty_statue_hallways
D:10:     layout_stronghold, grunt_temple_overflow_lords_of_destruction,
          orc_0_dummy, nicolae_trove_entry_crystal, nicolae_shop_firing_range
Temple:   hellmonk_temple_forest_ring
Lair:1:   layout_loops_ring, nicolae_volcano_entry_batcave
Lair:2:   layout_cave_pods, nicolae_spider_entry_orb_guardian,
          beast_lair_carwin_7, uniq_amaemon
Lair:3:   layout_cave_pods, skrybe_swamp_entry_bodies

Skill      XL: |  1  2  3  4  5  6  7  8  9 10 11 12 |
---------------+-------------------------------------+-----
Dodging        | 2 3 4 |  4.2
Stealth        | 3 |  3.5
Spellcasting   | 3 4 5 7 8 9 |  9.4
Conjurations   | 2 3 4 5 6 7 8 |  8.3
Fire Magic     | 4 5 6 |  6.9
Short Blades   | 1 2 |  2.4
Armour         | 1 3 5 7 8 |  8.6
Fighting       | 1 2 3 |  3.3
Maces & Flails | 1 2 4 5 |  5.3
Shields        | 2 4 6 7 |  7.0
Hexes          | 1 |  1.5
Translocations | 1 3 |  3.9
Summonings     | 1 3 4 |  4.3
Unarmed Combat | |  0.1

Action                     |  1- 3 |  4- 6 |  7- 9 | 10-12 || total
---------------------------+-------+-------+-------+-------++-------
  Melee: Unarmed           |    17 |       |       |       ||    17
         Short sword       |    22 |    85 |    76 |       ||   183
         Punch             |       |     1 |     1 |       ||     2
         Mace              |       |       |    43 |   342 ||   385
         Staff             |       |       |       |     8 ||     8
   Cast: Foxfire           |    65 |    78 |    79 |    24 ||   246
         Scorch            |       |     4 |    44 |    31 ||    79
         Inner Flame       |       |       |     3 |     1 ||     4
         Flame Wave        |       |       |     2 |    22 ||    24
         Hailstorm         |       |       |     1 |     3 ||     4
         Call Canine Famil |       |       |       |     3 ||     3
         Iskenderun's Myst |       |       |       |     1 ||     1
Ability: Evoke Invisibilit |       |       |     1 |       ||     1
    Use: Potion            |       |       |     7 |     4 ||    11
         Scroll            |       |       |     1 |    15 ||    16
   Stab: Sleeping          |     2 |     1 |       |       ||     3
         Invisible         |       |       |     1 |       ||     1
         Distracted        |       |       |       |     1 ||     1
 Armour: Robe              |    41 |    29 |       |       ||    70
         Ring mail         |       |    38 |   280 |   568 ||   886
  Dodge: Dodged            |    27 |    69 |   176 |   302 ||   574
  Block: Buckler           |       |       |     3 |   256 ||   259

Table legend: (Time is in decaauts)
 A = Elapsed time spent in this place.
 B = Non-inter-level travel time spent in this place.
 C = Inter-level travel time spent in this place.
 D = Time resting spent in this place.
 E = Time spent auto-exploring this place.
 F = Levels seen in this place.
 G = Mean time per level.
                   A        B        C        D        E       F      G
               +--------+--------+--------+--------+--------+-----+--------+
         Total |  12080 |  11887 |    193 |    576 |   7960 |  14 |  862.9 |
       Dungeon |   8514 |   8388 |    126 |    476 |   5623 |  10 |  851.4 |
        Temple |     61 |     46 |     15 |      0 |      0 |   1 |   61.0 |
          Lair |   3503 |   3452 |     51 |    100 |   2337 |   3 | 1167.7 |
               +--------+--------+--------+--------+--------+-----+--------+

Top non-repeatable levels by time:
  Lair:2: 1919 daAuts
     D:1: 1332 daAuts
  Lair:1: 1236 daAuts
     D:5: 1227 daAuts
     D:2: 1161 daAuts
    D:10: 1030 daAuts
     D:7: 920 daAuts
     D:4: 910 daAuts
     D:6: 617 daAuts
     D:3: 611 daAuts
     D:8: 466 daAuts
  Lair:3: 348 daAuts
     D:9: 237 daAuts
  Temple: 61 daAuts
